 Dungeon Crawl Stone Soup version 0.31.0-9-g3a7656b989 (webtiles) character file.

Game seed: 8664206452959359540

268 Kenran the Slasher (level 6, -5/48 HPs)
             Began as an Armataur Gladiator on Feb 1, 2024.
             Was a Believer of Trog.
             Killed from afar by an orc wizard (10 damage)
             ... with a puff of flame
             ... on level 4 of the Dungeon.
             The game lasted 00:04:59 (2419 turns).

Kenran the Slasher (Armataur Gladiator)             Turns: 2419, Time: 00:05:01

Health: -5/48      AC:  7    Str: 21    XL:     6   Next: 0%
Magic:  6/6        EV: 10    Int:  9    God:    Trog [**....]
Gold:   119        SH:  0    Dex: 15    Spells: 5/5 levels left

rFire   . . .        a - +0 long sword
rCold   + . .        (no shield)
rNeg    . . .        b - +0 leather armour
rPois   .            h - +0 helmet "Puweustry" {Dex+4}
rElec   .            (no cloak)
rCorr   .            (no gloves)
SInv    .            (no barding)
Will    .....        (no amulet)
Stlth   +            n - ring of protection from cold
HPRegen 0.28/turn    (no ring)
MPRegen 0.10/turn

%: roll
@: attractive
A: large, deformed body, tough skin 3, armoured tail, roll 1, iridescent scales
1
a: Renounce Religion, Berserk, Trog's Hand


You were on level 4 of the Dungeon.
You worshipped Trog.
Trog was pleased with you.
You visited 1 branch of the dungeon, and saw 4 of its levels.

You collected 119 gold pieces.

Inventory:

Hand Weapons
 a - a +0 long sword (weapon)
Missiles
 d - 3 throwing nets (quivered)
 e - 5 javelins
Armour
 b - a +0 leather armour (worn)
 c - a +0 helmet
 h - the +0 helmet "Puweustry" (worn) {Dex+4}
   (You found it on level 2 of the Dungeon)

   Dex+4:     It affects your dexterity (+4).
Jewellery
 n - a ring of protection from cold (left hand)
Wands
 f - a wand of charming (9)
Scrolls
 g - 2 scrolls of immolation {!r}
 o - a scroll of blinking
Potions
 j - 2 potions of curing {@q1}
 k - a potion of degeneration {unknown}
 l - a potion of resistance {unknown}
 m - a potion of attraction {!q}


   Skills:
 - Level 1.7 Fighting
 + Level 6.2 Long Blades
 - Level 1.7 Throwing
 - Level 2.1 Dodging


You had 5 spell levels left.
You didn't know any spells.
Your spell library was empty.

Dungeon Overview and Level Annotations

Branches:
Dungeon (4/15)             Temple (0/1) D:4

Altars:
Kikubaaqudgha
Trog

Annotations:
D:2 1 runed translucent door, Crazy Yiuf


Innate Abilities, Weirdness & Mutations

Armour fits poorly on your strangely shaped body.
You have extremely tough skin. (AC +3)
You have a long armoured tail.
You regenerate magic when rolling toward enemies. (Rampage MPRegen)
You are partially covered in iridescent scales. (AC +2)


Message History

The orc wizard points at you and mumbles some strange words.
The puff of flame hits you! The orc priest misses you.
The orc priest hits you with a +2 dagger of speed.
The orc priest hits you but does no damage.
You closely miss the orc priest.
The orc priest is heavily wounded.
The orc wizard hits you but does no damage.
The orc priest hits you but does no damage. x2
The orc wizard hits you but does no damage.
You hit the orc priest.
The orc priest is severely wounded.
The orc priest hits you but does no damage. x3
The orc wizard closely misses you.
You slash the orc priest!
You kill the orc priest!
Trog accepts your kill. The orc priest barely misses you.
The orc wizard hits you with a +0 dagger.
You have reached level 6!
You closely miss the orc priest.
The orc priest hits you but does no damage.
The orc wizard gestures at you while chanting.
The puff of flame hits you.
You hit the orc priest but do no damage.
The orc priest begins to cast a cantrip, but forgets the words!
The orc wizard barely misses you.
You closely miss the orc priest. The orc priest barely misses you.
The orc wizard hits you but does no damage.
You barely miss the orc priest.
Your tail-slap misses the orc priest.
The orc priest hits you with a +0 hand axe.
* * * LOW HITPOINT WARNING * * *
The orc wizard hits you but does no damage.
You hit the orc priest.
The orc priest is lightly wounded.
The orc priest mumbles some strange prayers to Beogh against you.
Beogh smites you!
* * * LOW HITPOINT WARNING * * *
The orc wizard gestures at you while chanting.
The puff of flame hits you!
You die...

≣.≣.≣..oo≣≣.≣.......[
..............#.######
.#####................
.........####...#####
##.......# ##..#
...####### ##.## .#
##...## ##.....##
#...)@..# #...oo..#
#.......# ##.....##
#.......# #.......#
#.....<.# ##.....##
##...##


You could see an orc priest and an orc wizard.

Vanquished Creatures
  An orc priest (D:4)
  Ijyb (D:2)
  An iguana (D:4)
  Natasha (thrice) (D:2)
  5 adders
  2 dart slugs (D:3)
  6 orcs
  5 ball pythons
  7 endoplasms
  2 giant cockroaches (D:1)
  5 hobgoblins
  2 jackals (D:3)
  7 kobolds
  A quokka (D:1)
  2 bats (D:1)
  2 frilled lizards
  7 goblins
  6 rats
65 creatures vanquished.

Vanquished Creatures (others)
  A human (D:3)
1 creature vanquished.

Grand Total: 66 creatures vanquished

Notes
Turn   | Place    | Note
-------+----------+-------------------------------------------
     0 | D:1      | Kenran the Armataur Gladiator began the quest for the Orb.
     0 | D:1      | Reached XP level 1. HP: 17/17 MP: 1/1
    81 | D:1      | Reached skill level 3 in Long Blades
   180 | D:1      | Reached XP level 2. HP: 24/24 MP: 2/2
   618 | D:2      | Reached XP level 3. HP: 17/29 MP: 3/3
   632 | D:2      | Noticed Ijyb
   666 | D:2      | Gained mutation: You are partially covered in iridescent
                  | scales. (AC +2) [potion of mutation]
   685 | D:2      | Reached skill level 4 in Long Blades
   736 | D:2      | Killed Ijyb
   777 | D:2      | Identified the +0 helmet "Puweustry" {Dex+4}
   928 | D:2      | Found a runed translucent door.
   929 | D:2      | Noticed Crazy Yiuf
   948 | D:2      | Noticed Natasha
   955 | D:2      | Killed Natasha
   956 | D:2      | Reached XP level 4. HP: 25/36 MP: 4/4
  1068 | D:2      | Noticed Natasha
  1074 | D:2      | Killed Natasha
  1075 | D:2      | Reached skill level 5 in Long Blades
  1238 | D:2      | Noticed Natasha
  1246 | D:2      | Killed Natasha
  1247 | D:2      | Reached XP level 5. HP: 28/41 MP: 5/5
  1475 | D:3      | Found a faded altar of an unknown god.
  1479 | D:3      | Prayed at the altar of an unknown god.
  1479 | D:3      | Became a worshipper of Trog the Wrathful
  1479 | D:3      | Reached * piety under Trog
  2031 | D:3      | Found an ancient bone altar of Kikubaaqudgha.
  2034 | D:3      | Noticed a human
  2035 | D:3      | Killed a human
  2166 | D:4      | Reached ** piety under Trog
  2167 | D:4      | Reached skill level 6 in Long Blades
  2182 | D:4      | Found a staircase to the Ecumenical Temple.
  2415 | D:4      | Reached XP level 6. HP: 18/48 MP: 6/6
  2419 | D:4      | Killed from afar by an orc wizard

Illustrated notes

Levels and vault maps discovered:
D:1:      minmay_arrival_semitransparent, layout_rooms
D:2:      kennysheep_the_goblin_king, layout_loops_ring, chequers_arboretum,
          serial_park_tiny_1, uniq_natasha, uniq_crazy_yiuf_cottage
D:3:      minmay_diamond_boxcup, layout_basic, tgw_kikubaaqudgha,
          hellmonk_ecumenical_altar_heavens_door
D:4:      layout_rooms, minmay_temple_entry_ruins

Skill      XL: |  1  2  3  4  5 |
---------------+----------------+-----
Long Blades    | 3 4 5 6 |  6.2
Fighting       | |  1.7
Throwing       | |  1.7
Dodging        | |  2.1

Action                     |  1- 3 |  4- 6 || total
---------------------------+-------+-------++-------
  Melee: Long sword        |   112 |   107 ||   219
         Tailslap          |    12 |    16 ||    28
         Punch             |       |     1 ||     1
  Throw: Throwing net      |     1 |       ||     1
    Use: Potion            |     4 |     1 ||     5
         Scroll            |       |     3 ||     3
   Stab: Sleeping          |     1 |     2 ||     3
 Armour: Leather armour    |    92 |    89 ||   181
  Dodge: Dodged            |    54 |    46 ||   100
